AoeStats
← 可可

Nomad

510399212Analyzed
4v4 RM · 2d ago on Sep 30, 2026· 28m 3s· 8 players
Game mode
Random Map
Map size
231×231
Population
200
Speed
Normal
Resources
Standard
Victory
Conquest
Starting age
Dark Age
Ending age
Imperial Age
RankedLock teamsTeams togetherTeam positionsShared explorationLock speedFull tech treeHidden civsTurbo modeCheats
Victory
Defeat
🇹🇷 Italians · Türkiye
974
+15
🇱🇻 Portuguese · Latvia
962
+15
🇬🇧 Huns · United Kingdom
950
+16
🇹🇷 Vikings · Türkiye
903
+18
🇺🇸 Muisca · United States
1026
-20
🇺🇸 Byzantines · United States
938
-16
🇨🇳 Wu · China
904
-14
🇦🇷 Teutons · Argentina
899
-14
Sadin Kopek
12:51 Feudal Age
13:17 Double-Bit Axe
21:00 Gold Mining
24:38 Castle Age
27:36 Scale Mail Armor
sehremini
Asturon
6:35 Loom
14:39 Feudal Age
16:09 Fishing Lines
16:26 Gold Mining
20:39 Castle Age
18:54 Double-Bit Axe
22:02 Bow Saw
22:48 Stone Mining
23:16 Horse Collar
24:06 Heavy Plow
c190
4:36 Loom
17:55 Feudal Age
26:17 Castle Age
25:20 Scale Mail Armor
Badacidreflux
Starman
Producto.Machete
9:44 Loom
14:32 Feudal Age
19:02 Castle Age
17:15 Fishing Lines
18:02 Double-Bit Axe
18:31 Fletching
19:20 Scale Mail Armor
19:20 Horse Collar
24:53 Wheelbarrow
可可
16:42 Feudal Age
17:27 Double-Bit Axe
17:48 Fishing Lines
22:11 Castle Age
21:37 Bloodlines
24:06 Bow Saw
24:32 Husbandry
24:40 Scale Barding Armor
24:45 Forging
26:05 Chain Barding Armor
26:57 Wheelbarrow
27:55 Gold Mining
27:56 Stone Mining
Connection lost

Rejoining the realm…

Still unreachable

The connection could not be restored.

Session expired

The server has moved on; the page needs a fresh start.